 Dungeon Crawl Stone Soup version 0.21.1-1-g345015f (webtiles) character file.

2833 diana the Basher (level 9, 0/81 HPs)
             Began as a Gargoyle Fighter on May 26, 2018.
             Was an Initiate of Ru.
             Slain by an ogre
             ... wielding a +0 giant spiked club
              (1 damage)
             ... on level 7 of the Dungeon.
             The game lasted 00:25:10 (7477 turns).

diana the Basher (Gargoyle Fighter)                 Turns: 7477, Time: 00:25:11

Health: 0/81       AC: 24    Str: 22    XL:     9   Next: 73%
Magic:  9/9        EV:  2    Int: 14    God:    Ru [......]
Gold:   305        SH: 10    Dex:  9    Spells: 8/8 levels left

rFire    . . .     SeeInvis .   x - +0 whip (freeze)
rCold    . . .     Gourm    +   c - +0 shield
rNeg     + + +     Faith    .   (armour currently unavailable)
rPois    ∞         Spirit   .   (helmet currently unavailable)
rElec    .         Reflect  .   (cloak currently unavailable)
rCorr    .         Harm     .   (gloves currently unavailable)
MR       .....     NoTele   +   (boots currently unavailable)
Stlth    +.........             p - amulet of the gourmand
HPRegen  0.23/turn              z - +4 ring of intelligence
MPRegen  0.11/turn              (no ring)

@: tree-form, hasted, very quick
A: negative energy resistance 1, petrification resistance, rot immunity, AC +6
a: Renounce Religion


You were on level 7 of the Dungeon.
You worshipped Ru.
Ru was noncommittal.
You were hungry.
You were a tree.
You visited 2 branches of the dungeon, and saw 8 of its levels.
You also visited: Sewer.

You collected 305 gold pieces.

Inventory:

Hand Weapons
 a - a +0 flail
 x - a +0 whip of freezing (weapon)
 y - a +0 flail
Armour
 b - a +0 scale mail
 c - a +0 shield (worn)
 j - a scarf of cloud immunity (melded)
 q - a +1 helmet (melded)
 s - a +1 leather armour of cold resistance (melded)
Jewellery
 p - an amulet of the gourmand (around neck)
 z - a +4 ring of intelligence (left branch)
Wands
 u - a wand of acid (8)
 B - a wand of digging (11)
Scrolls
 e - 2 scrolls of teleportation
 h - 3 scrolls of remove curse
 r - 2 scrolls of noise
 t - a scroll of amnesia
 v - 3 scrolls of fog
 w - a scroll of blinking {unknown}
 A - a scroll of enchant armour
Potions
 d - a potion of might
 i - a potion of heal wounds {unknown}
 k - 3 potions of haste
 l - a potion of flight {unknown}
 m - a potion of mutation {unknown}
 n - 6 potions of curing {unknown}
 o - a potion of ambrosia {unknown}
 C - a potion of resistance {unknown}
Comestibles
 f - 9 rations


   Skills:
 + Level 5.2 Fighting
 * Level 11.4 Maces & Flails
 + Level 5.2 Armour
 + Level 5.2 Shields


You had 8 spell levels left.
You didn't know any spells.

Dungeon Overview and Level Annotations

Branches:
Dungeon (7/15)             Temple (1/1) D:6

Altars:
Ashenzari
Cheibriados
Dithmenos
Elyvilon
Fedhas
Gozag
Hepliaklqana
Kikubaaqudgha
Makhleb
Nemelex Xobeh
Okawaru
Qazlal
Ru
Sif Muna
Trog
Uskayaw
Vehumet
Wu Jian
Xom
Yredelemnul
Zin
The Shining One

Shops:
D:4 }   D:7 =


Innate Abilities, Weirdness & Mutations

You are resistant to torment.
((Your stone body is resilient. (AC +6)))
You are immune to poison.
You resist negative energy. (rN+)
((You are resistant to electric shocks. (rElec)))
((You can survive without breathing.))
You are immune to petrification.
You are immune to rotting.


Message History

You feel less resistant to cold.
Your roots penetrate the ground.
You hit the orc warrior but do no damage.
You hit the orc warrior. You freeze the orc warrior.
The orc warrior is lightly wounded.
You hit the orc warrior but do no damage.
The orc warrior is lightly wounded.
The orc warrior hits you but does no damage.
The orc wizard mumbles some strange words.
The orc wizard flickers and vanishes!
Deactivating autopickup; reactivate with Ctrl-A.
You hit the ogre. You freeze the ogre.
The ogre is severely wounded.
You hit the ogre but do no damage.
The ogre is severely wounded.
You hit the ogre. You freeze the ogre.
The ogre is almost dead.
The orc warrior hits you with a flail.
* * * LOW HITPOINT WARNING * * *
The ogre hits you with a giant spiked club.
You die...

### #.# ..# # #.#
#.###.# #.....#
#.♣# #Oo# #..# #..#
#<{#
##.##########..
#)÷.............
#..[...........
#####.............#


You could see an orc warrior and an ogre.

Vanquished Creatures
  Pikel (D:6)
  Prince Ribbit (D:5)
  Grinder (D:5)
  Sigmund (D:3)
  4 humans (D:6)
  Duvessa (D:6)
  An ice beast (D:5)
  A slave (D:5)
  An ogre (D:5)
  Blork the orc (D:6)
  Dowan (D:6)
  2 scorpions (D:4)
  4 hounds
  3 orc priests
  A jelly (D:6)
  A bullfrog skeleton (D:5)
  2 iguanas
  4 orc wizards
  3 worker ants
  11 adders
  3 oozes
  A worm (D:2)
  3 dart slugs
  8 leopard geckos
  22 orcs
  A ball python (D:3)
  13 bats
  12 giant cockroaches
  9 hobgoblins
  3 jackals (Sewer)
  4 quokkas
  A ball python zombie (D:5)
  4 frilled lizards
  7 goblins
  A jackal skeleton (D:5)
  8 kobolds
  10 rats
  A bush (D:2)
  3 plants
159 creatures vanquished.

Vanquished Creatures (others)
  A plant (Sewer)
1 creature vanquished.

Grand Total: 160 creatures vanquished

Notes
Turn   | Place    | Note
-------+----------+-------------------------------------------
     0 | D:1      | diana the Gargoyle Fighter began the quest for the Orb.
     0 | D:1      | Reached XP level 1. HP: 14/14 MP: 1/1
    47 | D:1      | Reached XP level 2. HP: 17/19 MP: 2/2
    69 | D:1      | Reached skill level 3 in Maces & Flails
   172 | D:1      | Reached XP level 3. HP: 13/23 MP: 3/3
   806 | D:2      | Reached skill level 4 in Maces & Flails
   846 | D:2      | Reached XP level 4. HP: 21/28 MP: 4/4
  1921 | D:3      | Reached skill level 5 in Maces & Flails
  1921 | D:3      | Reached XP level 5. HP: 10/32 MP: 5/5
  2472 | D:3      | Noticed Sigmund
  2491 | D:3      | Killed Sigmund
  2491 | D:3      | Reached skill level 6 in Maces & Flails
  2491 | D:3      | Reached XP level 6. HP: 23/37 MP: 6/6
  3006 | D:3      | Reached skill level 7 in Maces & Flails
  3147 | D:4      | Reached XP level 7. HP: 35/41 MP: 7/7
  3397 | D:4      | Noticed a wyvern
  3452 | D:4      | Reached skill level 8 in Maces & Flails
  3540 | D:4      | Found Xotukhlaa's Gadget Boutique.
  3665 | D:5      | Entered Level 5 of the Dungeon
  3762 | D:5      | Found a burning altar of Makhleb.
  3888 | D:5      | Reached skill level 9 in Maces & Flails
  3888 | D:5      | Reached XP level 8. HP: 12/46 MP: 8/8
  4180 | D:5      | Noticed Grinder
  4203 | D:5      | Paralysed by Grinder for 2 turns
  4211 | D:5      | Paralysed by Grinder for 4 turns
  4506 | D:5      | Paralysed by Grinder for 7 turns
  4517 | D:5      | Paralysed by Grinder for 2 turns
  4520 | D:5      | Killed Grinder
  4578 | D:5      | Found a deep blue altar of Sif Muna.
  4613 | D:5      | Noticed Prince Ribbit
  5125 | D:5      | Killed Prince Ribbit
  5125 | D:5      | Reached skill level 10 in Maces & Flails
  5350 | D:6      | Found a staircase to the Ecumenical Temple.
  5481 | D:6      | Noticed Dowan
  5482 | D:6      | Noticed Duvessa
  5493 | D:6      | Killed Duvessa
  5508 | D:6      | Killed Dowan
  5769 | D:6      | Found a glowing drain.
  5778 | Sewer    | Entered a sewer
  6457 | D:6      | Reached XP level 9. HP: 52/52 MP: 9/9
  6531 | D:6      | Noticed Pikel
  6727 | D:7      | Found a shadowy altar of Dithmenos.
  6757 | D:7      | Found Qylibawn's Jewellery Emporium.
  6795 | D:6      | Reached skill level 11 in Maces & Flails
  6824 | Temple   | Entered the Ecumenical Temple
  7135 | Temple   | Became a worshipper of Ru the Awakened
  7182 | D:6      | Killed Pikel
  7182 | D:6      | Reached skill level 5 in Fighting
  7182 | D:6      | Reached skill level 5 in Armour
  7182 | D:6      | Reached skill level 5 in Shields
  7199 | D:6      | Noticed Blork the orc
  7212 | D:6      | Killed Blork the orc
  7477 | D:7      | HP: 1/81 [orc warrior/flail (4)]
  7477 | D:7      | Slain by an ogre

Skill      XL: |  1  2  3  4  5  6  7  8  9 |
---------------+----------------------------+-----
Maces & Flails | 3 4 5 6 7 9 10 11 | 11.4
Fighting       | 4 5 |  5.2
Armour         | 4 5 |  5.2
Shields        | 4 5 |  5.2

Action                   |  1- 3 |  4- 6 |  7- 9 || total
-------------------------+-------+-------+-------++-------
Melee: Flail             |   151 |   286 |   552 ||   989
       Whip              |       |       |    45 ||    45
  Use: Scroll            |       |       |     8 ||     8
       Potion            |       |       |     5 ||     5
  Eat: Chunk             |       |     8 |    11 ||    19
       Ration            |       |       |     1 ||     1
Armor: Scale mail        |   106 |   102 |       ||   208
       Leather armour    |       |    24 |   203 ||   227
       Skin              |       |       |     1 ||     1
Dodge: Dodged            |    57 |    71 |   179 ||   307
Block: Shield            |   114 |    76 |   220 ||   410
